 Dungeon Crawl Stone Soup version 0.22.1-1-ga44c0e5 (webtiles) character file.

66203 mandick the Fighter (level 14, -6/130 HPs)
             Began as a Pale Draconian Transmuter on Sept 30, 2018.
             Was the Champion of Cheibriados.
             Mangled by a trident of freezing (9 damage)
             ... on level 1 of the Elven Halls.
             The game lasted 02:08:10 (24871 turns).

mandick the Fighter (Pale Draconian Transmuter)    Turns: 24871, Time: 02:08:11

Health: -6/130     AC: 14    Str: 32    XL:     14   Next: 78%
Magic:  11/19      EV: 27    Int: 28    God:    Cheibriados [******]
Gold:   1823       SH:  2    Dex: 32    Spells: 1/17 levels left

rFire    . . .     SeeInvis .     - Unarmed
rCold    . . .     Gourm    .   (shield currently unavailable)
rNeg     . . .     Faith    .   (armour unavailable)
rPois    .         Spirit   .   (helmet restricted)
rElec    .         Reflect  +   d - +0 cloak
rCorr    .         Harm     .   (gloves currently unavailable)
MR       +....                  (no boots)
Stlth    ++........             L - +2 amulet of reflection
HPRegen  0.31/turn              K - +5 ring of protection
MPRegen  0.16/turn              m - +4 ring of dexterity

@: blade hands, singing, slowed, very slow
A: breathe steam, unfitting armour, cold-blooded, AC +8
a: Breathe Steam, End Transformation, Bend Time, Temporal Distortion, Slouch,
Step From Time, Renounce Religion


You were on level 1 of the Elven Halls.
You worshipped Cheibriados.
Cheibriados was exalted by your worship.
You were not hungry.
You had blades for hands.
You visited 4 branches of the dungeon, and saw 19 of its levels.

You collected 1943 gold pieces.
You spent 120 gold pieces at shops.

Inventory:

Hand Weapons
 a - the +10 hunting sling of Resumed Hostilities (melded) {freeze, MR+}
   (You found it on level 7 of the Dungeon)

   It causes projectiles fired from it to freeze those they strike, causing
   extra injury to most foes and up to half again as much damage against
   particularly susceptible opponents.
   They can also slow down cold-blooded creatures.
   It affects your resistance to hostile enchantments.
Missiles
 e - 359 arrows
 k - 32 tomahawks (quivered)
 n - 4 javelins
 E - 35 sling bullets
 O - 7 poisoned javelins
Armour
 d - a +0 cloak (worn)
 P - a +0 shield
Magical Staves
 b - an uncursed staff of wizardry
Jewellery
 m - a +4 ring of dexterity (right scythe-like blade)
 x - an uncursed ring of wizardry
 y - an uncursed ring of protection from magic
 B - an uncursed ring of positive energy
 D - an uncursed ring of see invisible
 F - a +3 ring of strength
 I - an uncursed ring of protection from magic
 J - an uncursed ring of protection from fire
 K - a +5 ring of protection (left scythe-like blade)
 L - a +2 amulet of reflection (around neck)
Scrolls
 i - 4 scrolls of magic mapping
 l - 2 scrolls of enchant armour
 o - 2 scrolls of teleportation
 s - 2 scrolls of fear {unknown}
 t - 4 scrolls of amnesia
 u - a scroll of holy word {unknown}
 w - 2 scrolls of fog {unknown}
 G - 2 scrolls of silence {unknown}
 H - 10 scrolls of remove curse
Potions
 g - 7 potions of might
 h - 5 potions of curing
 j - 3 potions of cancellation {unknown}
 p - a potion of flight
 q - 7 potions of lignification
 v - a potion of resistance
 z - a potion of haste
 A - 3 potions of mutation
Comestibles
 c - 18 rations


   Skills:
 + Level 13.9 Fighting
 + Level 1.7 Slings
 + Level 12.1 Dodging
 + Level 13.2 Unarmed Combat
 - Level 2.0 Spellcasting
 - Level 2.0 Charms
 + Level 1.9 Necromancy
 + Level 11.7 Transmutations
 - Level 2.0 Ice Magic
 - Level 7.0 Invocations


You had one spell level left.
You knew the following spells:

 Your Spells              Type           Power        Failure   Level  Hunger
a - Beastly Appendage     Tmut           ######       6%          1    None
b - Sticks to Snakes      Tmut           ######..     7%          2    ##.....
c - Blade Hands           Tmut           ######....   21%         5    ######.
d - Song of Slaying       Chrm           ##......     36%         2    ##.....
e - Ozocubu's Armour      Chrm/Ice       ##......     50%         3    ###....
f - Regeneration          Chrm/Necr      ##........   50%         3    ###....

Your spell library contained the following spells:

 Spells                   Type           Power        Failure   Level  Hunger
 Freeze                   Ice            ##..         30%         1    None
 Infusion                 Chrm           ##..         30%         1    None
 Summon Butterflies       Summ           #.......     43%         1    None
 Spider Form              Tmut/Pois      #####.....   24%         3    ###....
 Ice Form                 Ice/Tmut       #####...     34%         4    ####...
 Shroud of Golubria       Chrm/Tloc      #.........   43%         2    ##.....
 Throw Frost              Conj/Ice       #.....       43%         2    ##.....
 Blink                    Tloc           N/A          54%         2    ##.....
 Spectral Weapon          Hex/Chrm       #.......     61%         3    ###....
 Call Canine Familiar     Summ           #.......     69%         3    ###....
 Gell's Gravitas          Tloc           #.........   69%         3    ###....
 Lesser Beckoning         Tloc           #.........   69%         3    ###....
 Teleport Other           Tloc           #.......     69%         3    ###....
 Summon Ice Beast         Ice/Summ       #.......     88%         4    ####...
 Throw Icicle             Conj/Ice       #.......     88%         4    ####...
 Passage of Golubria      Tloc           N/A          94%         4    ####...
 Summon Mana Viper        Hex/Summ       #.......     99%         5    ######.
 Summon Hydra             Summ           #.........   100%        7    #######


Dungeon Overview and Level Annotations

Branches:
Dungeon (15/15)            Temple (1/1) D:7            Lair (0/6) D:8
    Orc (2/2) D:10            Elf (1/3) Orc:2        Vaults (0/5) D:13
 Depths (0/5) D:15

Altars:
Ashenzari
Cheibriados
Dithmenos
Elyvilon
Fedhas
Gozag
Hepliaklqana
Kikubaaqudgha
Makhleb
Nemelex Xobeh
Okawaru
Qazlal
Ru
Sif Muna
Trog
Uskayaw
Vehumet
Wu Jian
Xom
Yredelemnul
Zin
The Shining One

Shops:
D:11 (   Orc:2 (!*=!

Annotations:
D:4 Natasha
D:7 3 runed doors, Iscandelvey's ghost, novice DgCj
D:15 Nessos


Innate Abilities, Weirdness & Mutations

You can breathe blasts of scalding, opaque steam.
Your pale cyan-grey scales are hard. (AC +8)
You cannot fit into any form of body armour.
You are cold-blooded and may be slowed by cold attacks.


Message History

The vampiric halberd hits you from afar!!
The trident of freezing hits you from afar.
The trident of freezing freezes you.
The deep elf mage gestures wildly while chanting.
The deep elf mage blinks!
You feel yourself speed up.
The trident of freezing hits you from afar!
The trident of freezing freezes you.
The vampiric halberd hits you from afar!!
* * * LOW HITPOINT WARNING * * *
The trident of freezing hits you from afar!
* * * LOW HITPOINT WARNING * * *
You feel yourself slow down. The trident of freezing freezes you.
* * * LOW HITPOINT WARNING * * *
The vampiric halberd closely misses you.
The trident of freezing hits you from afar!!
* * * LOW HITPOINT WARNING * * *
You feel as though you will be slow longer.
The trident of freezing freezes you!
You die...

.# #.# #.# #.#
######+## #.#
#e#######).)....# #.#
.....#
#....(.@.)#####.####.#
.....# #≈≈≈≈≈≈≈≈≈#
#.')...# .....#
#≈≈≈≈(((≈≈# #.####.#
.....# #8≈≈≈≈≈≈≈8# #.#
#.# ..... #####e#####
#.# #.# .... ...E
#.####'## ##'## .4.(.
####....## '...# .####
###......# #...#
#.'.......


You could see an ice devil, 2 deep elf magi and 3 dancing weapons.

Vanquished Creatures
  Donald (Orc:2)
  A deep elf death mage (Elf:1)
  Josephine (D:14)
  A rakshasa (D:14)
  Harold (D:7)
  4 vault guards
  A hydra (D:13)
  3 centaur warriors
  Erica (D:8)
  7 two-headed ogres
  4 dancing weapons (Elf:1)
  An orc high priest (Orc:2)
  Urug (Orc:1)
  Sonja (D:11)
  3 deep elf knights (Elf:1)
  3 unseen horrors
  2 necromancers
  Pikel (D:4)
  3 deep elf archers (Elf:1)
  2 wizards (D:15)
  8 ugly things
  7 cyclopes
  20 deep elf magi
  9 orc sorcerers
  5 slime creatures
  A manticore (D:9)
  4 centaur zombies
  5 centaur skeletons
  3 gargoyles
  2 komodo dragons
  An efreet (D:14)
  A queen bee (D:8)
  3 tengu conjurers
  7 trolls
  Grinder (D:4)
  A hippogriff (D:9)
  A centaur simulacrum (D:15)
  3 yaks (D:10)
  A vampire (D:14)
  A shadow (D:15)
  3 wraiths (D:14)
  A water elemental (Elf:1)
  2 wyverns (D:9)
  A hungry ghost (D:12)
  A fire elemental (Elf:1)
  A steam dragon (D:12)
  3 vampire mosquitoes (D:14)
  Edmund (D:6)
  A basilisk (D:14)
  3 wargs (D:8)
  A water moccasin (D:7)
  An acid dragon (D:11)
  19 orc warriors
  4 ice beasts
  2 phantoms
  4 sky beasts
  4 black bears
  A necrophage (D:8)
  9 ogres
  9 centaurs
  2 crocodiles
  2 big kobolds
  7 bullfrogs
  A gnoll sergeant (D:8)
  Blork the orc (D:4)
  A wyvern skeleton (D:15)
  5 scorpions
  23 killer bees
  6 wights
  8 howler monkeys
  A vampire bat (D:3)
  4 electric eels (D:11)
  A howler monkey (shapeshifter) (D:15)
  5 crimson imps
  A quasit (D:11)
  6 hounds
  4 jellies
  22 orc priests
  3 bullfrog skeletons
  34 orc wizards
  4 iguanas
  Terence (D:2)
  Natasha (D:4)
  7 worker ants
  A killer bee zombie (D:8)
  A hound skeleton (D:8)
  A howler monkey zombie (D:2)
  14 adders
  10 gnolls
  5 shadow imps
  3 adder skeletons
  An adder zombie (D:8)
  3 worms
  6 dart slugs
  7 leopard geckos
  46 orcs
  3 bat skeletons (D:3)
  3 bat zombies (D:3)
  9 giant cockroaches
  17 goblins
  13 hobgoblins
  17 jackals
  17 kobolds
  9 quokkas
  2 ball pythons
  11 bats
  5 frilled lizards
  A giant cockroach zombie (D:5)
  A jackal zombie (D:4)
  6 rats
559 creatures vanquished.

Vanquished Creatures (collateral kills)
  An orc warrior (Orc:2)
  A phantom (D:7)
  2 wights (D:7)
  A howler monkey (D:7)
  A jelly (D:7)
  An orc priest (Orc:2)
  An orc wizard (Orc:2)
  Robin (D:2)
  A worm (D:3)
  3 orcs
  A giant cockroach (D:3)
14 creatures vanquished.

Vanquished Creatures (others)
  A deep elf knight (Elf:1)
  A cyclops (D:14)
  A worker ant (D:4)
  An ooze (D:4)
  An orc (D:4)
5 creatures vanquished.

Grand Total: 578 creatures vanquished

Notes
Turn   | Place    | Note
-------+----------+-------------------------------------------
     0 | D:1      | mandick the Draconian Transmuter began the quest for the
                  | Orb.
     0 | D:1      | Reached XP level 1. HP: 16/16 MP: 3/3
   202 | D:1      | Reached XP level 2. HP: 18/23 MP: 3/5
   532 | D:1      | Reached XP level 3. HP: 24/29 MP: 4/6
  1449 | D:2      | Found a blossoming altar of Fedhas.
  1449 | D:2      | Found a deep blue altar of Sif Muna.
  1650 | D:2      | Reached XP level 4. HP: 8/36 MP: 5/7
  2036 | D:2      | Learned a level 2 spell: Sticks to Snakes
  2062 | D:2      | Found a sacrificial altar of Ru.
  2197 | D:2      | Noticed Terence
  2218 | D:2      | Killed Terence
  2382 | D:2      | Found a shadowy altar of Dithmenos.
  2982 | D:3      | Noticed Robin
  3177 | D:3      | Reached XP level 5. HP: 42/42 MP: 2/8
  3725 | D:2      | Killed Robin
  4163 | D:3      | Reached XP level 6. HP: 51/51 MP: 9/9
  4409 | D:3      | Found an ancient bone altar of Kikubaaqudgha.
  4617 | D:3      | Found an iron altar of Okawaru.
  4800 | D:4      | Noticed Blork the orc
  4809 | D:4      | Killed Blork the orc
  4975 | D:4      | Noticed Grinder
  4995 | D:4      | Killed Grinder
  4995 | D:4      | Your scales start taking on a pale cyan-grey colour.
  4995 | D:4      | Reached XP level 7. HP: 16/59 MP: 10/10
  5278 | D:4      | Noticed Pikel
  5314 | D:4      | Killed Pikel
  5314 | D:4      | Reached skill level 5 in Fighting
  5314 | D:4      | Reached skill level 5 in Unarmed Combat
  5314 | D:4      | Reached skill level 5 in Transmutations
  5314 | D:4      | Reached XP level 8. HP: 14/68 MP: 11/11
  5602 | D:4      | Noticed Natasha
  5608 | D:4      | Killed Natasha
  5783 | D:4      | Found a sparkling altar of Nemelex Xobeh.
  5885 | D:4      | Found a stormy altar of Qazlal.
  5885 | D:4      | Noticed Natasha
  6413 | D:5      | Entered Level 5 of the Dungeon
  6686 | D:5      | Found a bloodstained altar of Trog.
  6760 | D:5      | Found a shimmering altar of Xom.
  6761 | D:5      | Found a hazy altar of Hepliaklqana.
  6762 | D:5      | Noticed a spectral ugly thing
  6801 | D:4      | Reached skill level 5 in Dodging
  7135 | D:6      | Noticed Edmund
  7155 | D:6      | Killed Edmund
  7207 | D:6      | Found a shimmering altar of Xom.
  7922 | D:6      | Reached XP level 9. HP: 63/78 MP: 12/12
  8152 | D:6      | Found an ornate altar of the Wu Jian Council.
  8319 | D:7      | Noticed Harold
  8620 | D:7      | Killed Harold
  9123 | D:7      | Found a runed gate.
  9123 | D:7      | Found a runed gate.
  9125 | D:7      | Found an opulent altar of Gozag.
  9125 | D:7      | Noticed Iscandelvey's ghost (novice DgCj)
  9128 | D:7      | Found a runed gate.
  9293 | D:7      | Found a staircase to the Ecumenical Temple.
  9424 | Temple   | Entered the Ecumenical Temple
  9465 | Temple   | Became a worshipper of Cheibriados the Contemplative
  9577 | D:7      | Got a slimy hunting sling
  9595 | D:7      | Learned a level 5 spell: Blade Hands
  9595 | D:7      | Identified the +10 hunting sling of Resumed Hostilities
                  | {freeze, MR+} (You found it on level 7 of the Dungeon)
 10084 | D:8      | Reached * piety under Cheibriados
 10086 | D:8      | Reached XP level 10. HP: 88/88 MP: 13/13
 10240 | D:8      | Found a hide-covered altar of Uskayaw.
 10240 | D:8      | Noticed a dagger
 10241 | D:8      | Noticed a hand axe
 10279 | D:8      | Found a basalt altar of Yredelemnul.
 10604 | D:8      | Reached ** piety under Cheibriados
 10805 | D:8      | Found a staircase to the Lair.
 10897 | D:8      | Found a sacrificial altar of Ru.
 10940 | D:8      | Learned a level 2 spell: Song of Slaying
 11089 | D:8      | Reached *** piety under Cheibriados
 11475 | D:9      | Noticed Erica
 11504 | D:8      | Killed Erica
 12126 | D:9      | Noticed a manticore
 12131 | D:9      | Killed a manticore
 12187 | D:9      | Found a deep blue altar of Sif Muna.
 12199 | D:9      | Reached skill level 1 in Charms
 12227 | D:9      | Reached **** piety under Cheibriados
 12409 | D:9      | Found a glowing golden altar of the Shining One.
 12469 | D:9      | Reached XP level 11. HP: 97/97 MP: 14/14
 12645 | D:10     | Entered Level 10 of the Dungeon
 12715 | D:10     | Found a sparkling altar of Nemelex Xobeh.
 13412 | D:10     | Noticed a two-headed ogre
 13419 | D:10     | Killed a two-headed ogre
 13595 | D:10     | Found a staircase to the Orcish Mines.
 13618 | Orc:1    | Entered Level 1 of the Orcish Mines
 13621 | Orc:1    | Noticed an orc sorcerer
 13628 | Orc:1    | Killed an orc sorcerer
 13674 | Orc:1    | Noticed Urug
 13674 | Orc:1    | Noticed an orc sorcerer
 13675 | Orc:1    | Paralysed by an orc sorcerer for 4 turns
 13683 | Orc:1    | Killed an orc sorcerer
 13687 | Orc:1    | Killed Urug
 13687 | Orc:1    | Reached skill level 10 in Fighting
 14058 | Orc:1    | Noticed an orc sorcerer
 14062 | Orc:1    | Killed an orc sorcerer
 14399 | Orc:2    | Entered Level 2 of the Orcish Mines
 14545 | Orc:2    | Found Kaim's Weapon Boutique.
 14576 | Orc:2    | Reached ***** piety under Cheibriados
 14739 | Orc:2    | Reached skill level 10 in Unarmed Combat
 14755 | Orc:2    | Noticed Donald
 14767 | Orc:2    | Killed Donald
 14808 | Orc:2    | Found a staircase to the Elven Halls.
 14857 | Orc:2    | Noticed an orc sorcerer
 14868 | Orc:2    | Killed an orc sorcerer
 14868 | Orc:2    | Reached skill level 10 in Transmutations
 14868 | Orc:2    | Reached XP level 12. HP: 42/108 MP: 10/15
 15334 | Orc:2    | Noticed an orc high priest
 15342 | Orc:2    | Killed an orc high priest
 15421 | Orc:2    | Found Isilol's Distillery.
 15421 | Orc:2    | Found Memout's Weapon Shop.
 15422 | Orc:2    | Found Ulosenk's Assorted Antiques.
 15454 | Orc:2    | Found Taoplixa's Jewellery Boutique.
 15691 | Orc:2    | Found Waroa's Distillery.
 16282 | D:11     | Reached ****** piety under Cheibriados
 16326 | D:11     | Noticed Sonja
 16333 | D:11     | Killed Sonja
 16457 | D:11     | Found Fitetug's Antique Weapon Shop.
 17164 | D:11     | Reached skill level 10 in Dodging
 17506 | D:12     | Noticed a two-headed ogre
 17510 | D:12     | Killed a two-headed ogre
 18587 | D:13     | Learned a level 3 spell: Ozocubu's Armour
 18819 | D:13     | Noticed a two-headed ogre
 18820 | D:13     | Noticed a vault guard
 18838 | D:13     | Killed a vault guard
 18838 | D:13     | Reached XP level 13. HP: 51/117 MP: 10/16
 19580 | D:13     | Found a gate to the Vaults.
 19999 | D:13     | Reached skill level 1 in Invocations
 21493 | D:14     | Found an iron altar of Okawaru.
 21708 | D:14     | Noticed Josephine
 21713 | D:14     | Killed Josephine
 22104 | D:15     | Entered Level 15 of the Dungeon
 22352 | D:15     | Reached XP level 14. HP: 125/129 MP: 7/17
 22355 | D:15     | Reached skill level 5 in Invocations
 22964 | D:15     | Noticed Nessos
 23522 | D:15     | Found a staircase to the Depths.
 23912 | Elf:1    | Entered Level 1 of the Elven Halls
 24115 | Elf:1    | Learned a level 3 spell: Regeneration
 24258 | Orc:2    | Bought a +2 amulet of reflection for 120 gold pieces
 24357 | Elf:1    | Reached skill level 1 in Ice Magic
 24447 | Elf:1    | Reached skill level 1 in Necromancy
 24521 | Elf:1    | Reached skill level 1 in Slings
 24871 | Elf:1    | HP: 3/130 [trident of freezing (20)]
 24871 | Elf:1    | Mangled by a trident of freezing

Skill      XL: |  1  2  3  4  5  6  7  8  9 10 11 12 13 14 |
---------------+-------------------------------------------+-----
Dodging        | 2 3 4 5 6 8 9 10 11 12 | 12.1
Fighting       | 2 3 4 5 6 7 9 10 11 13 | 13.9
Transmutations | 3 4 5 6 7 8 10 11 | 11.7
Unarmed Combat | 4 5 6 7 9 10 11 12 13 | 13.2
Charms         | 1 2 |  2.0
Invocations    | 4 7 |  7.0
Ice Magic      | 2 |  2.0
Necromancy     | 1 |  1.9
Slings         | 1 |  1.7
Spellcasting   | |  2.0

Action                   |  1- 3 |  4- 6 |  7- 9 | 10-12 | 13-15 || total
-------------------------+-------+-------+-------+-------+-------++-------
Melee: Unarmed           |   168 |   269 |   257 |    83 |   124 ||   901
       Tailslap          |    17 |    32 |    42 |    17 |    29 ||   137
       Headbutt          |    10 |    10 |    31 |       |       ||    51
       Kick              |     5 |    39 |    13 |       |       ||    57
       Punch             |     1 |     8 |     8 |     5 |    11 ||    33
       Hunting sling     |       |       |       |       |     2 ||     2
 Fire: Hunting sling     |       |       |    28 |   400 |   236 ||   664
Throw: Javelin           |       |     1 |       |       |       ||     1
       Throwing net      |       |       |     1 |       |       ||     1
       Tomahawk          |       |       |     5 |    17 |     3 ||    25
 Cast: Beastly Appendage |    20 |    22 |    26 |     1 |     1 ||    70
       Sticks to Snakes  |       |    12 |    28 |     5 |     3 ||    48
       Blade Hands       |       |       |     1 |    21 |    21 ||    43
       Song of Slaying   |       |       |       |     1 |     4 ||     5
       Ozocubu's Armour  |       |       |       |     1 |    13 ||    14
       Regeneration      |       |       |       |       |     4 ||     4
Invok: Bend Time         |       |       |       |     1 |       ||     1
 Abil: Breathe Steam     |       |       |    16 |    59 |    48 ||   123
  Use: Potion            |     1 |     1 |     2 |     8 |     3 ||    15
       Scroll            |       |       |     9 |     3 |     8 ||    20
 Stab: Sleeping          |     1 |     2 |       |       |       ||     3
       Held in net/web   |       |       |     1 |       |       ||     1
       Distracted        |       |       |     4 |       |       ||     4
  Eat: Chunk             |     3 |    12 |    12 |    21 |     7 ||    55
       Ration            |       |       |     3 |     2 |     5 ||    10
Armor: Skin              |    58 |    86 |    75 |    36 |    48 ||   303
Dodge: Dodged            |   113 |   227 |   182 |   224 |   297 ||  1043
Block: Shield            |       |       |       |    28 |       ||    28
       Other             |       |       |       |       |     2 ||     2
